 Dungeon Crawl Stone Soup version 0.18-a0-1088-g34ef3a2 (webtiles) character file.

36 Ijustatesigmund the Skirmisher (level 3, 0/29 HPs)
             Began as a Demonspawn Abyssal Knight on Jan 15, 2016.
             Was a Follower of Lugonu.
             Succumbed to an adder's poison
             ... on level 2 of the Dungeon.
             The game lasted 00:03:46 (874 turns).

Ijustatesigmund the Skirmisher (DsAK)                Turns: 874, Time: 00:03:46

Health: 0/29       AC:  3    Str: 17    XL:     3   Next: 19%
Magic:  3/5        EV: 11    Int: 13    God:    Lugonu [*.....]
Gold:   56         SH:  0    Dex: 13    Spells: 0 memorised, 2 levels left

rFire  . . .     SeeInvis +     a - +2 mace
rCold  . . .     Gourm    .     b - +0 leather armour
rNeg   . . .     Faith    .     (no shield)
rPois  .         Spirit   +     (no helmet)
rElec  .         Dismiss  .     (no cloak)
rCorr  .         Reflect  .     (no gloves)
SustAt .         Harm     .     (no boots)
MR     .....     Rnd*Tele +     j - amulet of guardian spirit
Stlth  +.........               p - ring of see invisible
                                f - ring of teleportation (curse)

@: mighty, lethally poisoned (0 -> -4), flying, very slightly contaminated,
hasted, very quick, not resistant to hostile enchantments, very unstealthy
A: powered by death 1, rot immunity
a: Depart the Abyss, Renounce Religion, Evoke Teleportation


You were on level 2 of the Dungeon.
You worshipped Lugonu.
Lugonu was aware of your devotion.
You were not hungry.

You visited 1 branch of the dungeon, and saw 2 of its levels.
You visited the Abyss 1 time.

You collected 56 gold pieces.

Inventory:

Hand Weapons
 a - a +2 mace (weapon)
Armour
 b - a +0 leather armour (worn)
 o - a +0 large shield
Jewellery
 f - a cursed ring of teleportation (left hand)
 j - an amulet of guardian spirit (around neck)
 p - a ring of see invisible (right hand)
Scrolls
 d - a scroll of magic mapping
 e - a scroll of blinking
 m - a scroll of enchant weapon
Potions
 k - 2 potions of cure mutation
Comestibles
 c - 2 bread rations
 l - 2 meat rations


   Skills:
 + Level 3.3 Fighting
 * Level 2.8 Maces & Flails
 - Level 1.7 Armour
 - Level 0.8 Dodging
 + Level 2.9 Invocations


You had 2 spell levels left.
You didn't know any spells.

Dungeon Overview and Level Annotations

Branches:
Dungeon (2/15)

Altars:
Cheibriados
Dithmenos
Kikubaaqudgha
Pakellas
Vehumet
Xom
Yredelemnul


Innate Abilities, Weirdness & Mutations

You regenerate a little health from kills.
You are immune to rotting.


Message History

You feel very mighty all of a sudden.
* * * LOW HITPOINT WARNING * * *
You feel sick.
* * * LOW HITPOINT WARNING * * *
You feel sick.
* * * LOW HITPOINT WARNING * * *
You feel sick.
* * * LOW HITPOINT WARNING * * *
You feel sick.
* * * LOW HITPOINT WARNING * * *
You feel sick.
You are suddenly yanked towards some nearby monsters!
Your surroundings suddenly seem different.
A giant gecko and a ball python come into view.
* * * LOW HITPOINT WARNING * * *
You feel sick.
* * * LOW HITPOINT WARNING * * *
You feel sick.
Found an escape hatch in the ceiling.
You die...

.# ###.# ##...####
#.......# #.......+
#.......## #.........
################.#.#+##.
.......@...S...........l
.<...............#.####.
##################.#
#..... # #> ......####
##. ....... .. #...## #
#....# # #..$.# #


You could see a ball python.

Vanquished Creatures
  2 adders (D:2)
  A giant cockroach (D:2)
  3 goblins (D:1)
  A hobgoblin (D:2)
  3 jackals (D:1)
  2 giant newts
  4 kobolds
  2 rats (D:1)
18 creatures vanquished.

Notes
Turn   | Place    | Note
--------------------------------------------------------------
     0 | Abyss:1  | Ijustatesigmund the Demonspawn Abyssal Knight began the quest for the Orb.
     0 | Abyss:1  | Reached XP level 1. HP: 18/18 MP: 2/2
    15 | D:1      | Escaped the Abyss
   229 | D:1      | Gained mutation: You regenerate a little health from kills. [demonic ancestry]
   229 | D:1      | Reached XP level 2. HP: 16/24 MP: 1/3
   694 | D:2      | Found a snail-covered altar of Cheibriados.
   701 | D:2      | Found a radiant altar of Vehumet.
   706 | D:2      | Found an ancient bone altar of Kikubaaqudgha.
   717 | D:2      | Found an oddly glowing altar of Pakellas.
   724 | D:2      | Found a basalt altar of Yredelemnul.
   729 | D:2      | Found a shimmering altar of Xom.
   736 | D:2      | Found a shadowy altar of Dithmenos.
   839 | D:2      | Gained mutation: You are immune to rotting. [demonic ancestry]
   839 | D:2      | Reached XP level 3. HP: 10/29 MP: 1/5
   869 | D:2      | HP: 1/29 [poisoned by an adder]
   874 | D:2      | Succumbed to an adder's poison

Vault maps used:
D:1:      shiori_shiawase, grunt_decor_one_mirror
D:2:      grunt_temple_overflow_octagram

Action                   || total
-------------------------++-------
Melee: Mace              ||    45
  Use: Scroll            ||     7
       Potion            ||     4
